 Dungeon Crawl Stone Soup version 0.31-a0-848-gaac375c287 (webtiles) character file.

Game seed: 207334012749799981

84 LeprechaunX the Changeling (level 4, -3/29 HPs)
             Began as an Octopode Shapeshifter on Oct 4, 2023.
             Succumbed to Ijyb's poison
             ... on level 3 of the Dungeon.
             The game lasted 00:02:08 (1696 turns).

LeprechaunX the Changeling (Octopode Shapeshifter)  Turns: 1696, Time: 00:02:09

Health: -3/29      AC:  1    Str: 15    XL:     4   Next: 45%
Magic:  4/4        EV: 13    Int: 12    God:
Gold:   172        SH:  0    Dex: 11    Spells: 3/3 levels left

rFire   . .          .
                       - Unarmed
rCold   . . .        (no shield)
rNeg    . . .        (helmet currently unavailable)
rPois   .            (no amulet)
rElec   .            (no ring)
rCorr   .            (no ring)
SInv    .            (no ring)
Will    .....        (no ring)
Stlth   ++           (no ring)
HPRegen 0.24/turn    (no ring)
MPRegen 0.09/turn    (no ring)
                     (no ring)

%: random rage (3%)
@: lethally poisoned (-3 -> -17), beast-form
A: beast (slay +2), almost no armour, amphibious, 8 rings, camouflage 1,
gelatinous body 1, (nimble swimmer 1), tentacles, berserk 1
a: Begin Untransformation


You were on level 3 of the Dungeon.
You were a hulking beast.
You visited 1 branch of the dungeon, and saw 3 of its levels.

You collected 172 gold pieces.

Inventory:

Hand Weapons
 a - a +0 sling
Missiles
 h - 8 boomerangs
Armour
 n - a +1 hat
Talismans
 b - a beast talisman (active)
 c - a flux talisman
Scrolls
 d - 2 scrolls of enchant armour {unknown}
 e - a scroll of fear {unknown}
 f - a scroll of identify {unknown}
 j - 2 scrolls of noise {unknown}
 l - 4 scrolls of teleportation {unknown}
Potions
 g - a potion of mutation
 i - 2 potions of lignification
 k - a potion of haste {unknown}
 m - a potion of curing {unknown}
 o - a potion of enlightenment {unknown}


   Skills:
 + Level 1.9 Fighting
 + Level 2.6 Dodging
 + Level 3.4 Unarmed Combat
 * Level 3.9 Shapeshifting


You had 3 spell levels left.
You didn't know any spells.
Your spell library was empty.

Dungeon Overview and Level Annotations

Branches:
Dungeon (3/15)

Altars:


Innate Abilities, Weirdness & Mutations

You are a hulking beast.
Your limbs bulge with bestial killing power. (Slay +2)
You cannot wear most types of armour.
You are amphibious.
You can wear up to eight rings at the same time.
Your skin changes colour to match your surroundings (Stealth+).
Your rubbery body absorbs attacks. (AC +1, EV +1)
((You are camouflaged when in or above water. (Stealth+)))
You have tentacles for arms and can constrict up to eight enemies at once.
You sometimes lose your temper in combat.


Message History

Ijyb screams, "Level is mine!
All mine!"
Ijyb screams, "Me kill you!"
Ijyb hits you with a +0 dagger of venom.
You tentacle-slap Ijyb but do no damage.
Your grab misses Ijyb. Your squeeze misses Ijyb. You closely miss Ijyb.
You grab Ijyb. You squeeze Ijyb.
Ijyb is lightly wounded.
You constrict Ijyb, but do no damage.
A gnoll comes into view. It is wielding a +0 whip.
Ijyb hits you with a +0 dagger of venom.
You are poisoned.
You tentacle-slap Ijyb.
You tentacle-slap Ijyb, but do no damage.
Ijyb is moderately wounded.
You constrict Ijyb.
You feel sick.
Ijyb hits you with a +0 dagger of venom.
You are lethally poisoned!
You tentacle-slap Ijyb. You squeeze Ijyb.
Ijyb is heavily wounded.
You constrict Ijyb.
You feel very sick.
A gnoll comes into view. It is wielding a +0 club.
Ijyb hits you with a +0 dagger of venom.
You are more poisoned.
You tentacle-slap Ijyb. You squeeze Ijyb, but do no damage.
Ijyb is severely wounded.
You constrict Ijyb.
* * * LOW HITPOINT WARNING * * *
You feel very sick. Ijyb closely misses you.
Unknown command.
You tentacle-slap Ijyb. You squeeze Ijyb.
You kill Ijyb!
* * * LOW HITPOINT WARNING * * *
You feel very sick.
A gnoll comes into view. It is wielding a +0 halberd.
Unknown command.
It was a potion of mutation.
You feel extremely strange.
You feel a little pissed off.
You die...

g... ..##
.g.###
.....#
###g..<####
#...#......
#####.#....#
#...=..h)..#
#####.###?##
#.<.# #
#......#
#.###...).
###.....
#..#..+
#..#..# #..#
.#


You could see 3 gnolls.

Vanquished Creatures
  Ijyb (D:3)
  5 ball pythons (D:2)
  8 bats
  4 endoplasms
  3 giant cockroaches (D:2)
  4 goblins
  5 hobgoblins
  6 jackals
  6 kobolds
  2 quokkas
  2 frilled lizards (D:2)
  3 rats
49 creatures vanquished.

Notes
Turn   | Place    | Note
-------+----------+-------------------------------------------
     0 | D:1      | LeprechaunX the Octopode Shapeshifter began the quest for
                  | the Orb.
     0 | D:1      | Reached XP level 1. HP: 13/13 MP: 1/1
   137 | D:1      | Reached XP level 2. HP: 18/18 MP: 2/2
   478 | D:1      | You fall into a shaft and drop 1 floor!
   511 | D:2      | Reached XP level 3. HP: 21/23 MP: 3/3
  1517 | D:2      | Reached XP level 4. HP: 29/29 MP: 4/4
  1686 | D:3      | Noticed Ijyb
  1695 | D:3      | Killed Ijyb
  1695 | D:3      | HP: 1/29 [poisoned by Ijyb]
  1696 | D:3      | Gained mutation: You sometimes lose your temper in combat.
                  | [potion of mutation]
  1696 | D:3      | Succumbed to Ijyb's poison

Illustrated notes

Levels and vault maps discovered:
D:1:      minmay_arrival_checkered_box, layout_basic, minmay_door_square,
          minmay_misc_feat_enclosed, hangedman_decor_points
D:2:      layout_loops_ring, mrwooster_statue_mirror
D:3:      layout_loops_ring, hellmonk_ecumenical_altar_zigzags,
          kennysheep_generic_room_4, uniq_ijyb

Action                     |  1- 3 |  4- 6 || total
---------------------------+-------+-------++-------
  Melee: Unarmed           |    77 |     7 ||    84
         Tentacles         |    15 |     4 ||    19
         Constrict         |    16 |     1 ||    17
         Punch             |     1 |     1 ||     2
    Use: Potion            |       |     1 ||     1
   Stab: Sleeping          |     9 |       ||     9
 Armour: Skin              |    46 |     5 ||    51
  Dodge: Dodged            |    44 |     1 ||    45

Table legend: (Time is in decaauts)
 A = Elapsed time spent in this place.
 B = Non-inter-level travel time spent in this place.
 C = Inter-level travel time spent in this place.
 D = Time resting spent in this place.
 E = Time spent auto-exploring this place.
 F = Levels seen in this place.
 G = Mean time per level.
                   A        B        C        D        E       F      G
               +--------+--------+--------+--------+--------+-----+--------+
         Total |   1690 |   1665 |     25 |      0 |   1362 |   3 |  563.3 |
       Dungeon |   1690 |   1665 |     25 |      0 |   1362 |   3 |  563.3 |
               +--------+--------+--------+--------+--------+-----+--------+

Top non-repeatable levels by time:
     D:1: 901 daAuts
     D:2: 776 daAuts
     D:3: 12 daAuts
